 Dungeon Crawl Stone Soup version 0.31.0-1-g2c135a0 (webtiles) character file.

Game seed: 2208420110257695208

817 jagoly the Chopper (level 7, -8/44 HPs)
             Began as a Gargoyle Monk on Feb 2, 2024.
             Was a Believer of the Shining One.
             Mangled by an ogre
             ... wielding a +0 giant club
              (19 damage)
             ... on level 6 of the Dungeon.
             The game lasted 00:09:58 (1737 turns).

jagoly the Chopper (Gargoyle Monk)                  Turns: 1737, Time: 00:09:59

Health: -8/44      AC: 14    Str: 17    XL:     7   Next: 94%
Magic:  7/7        EV:  8    Int: 10    God:    the Shining One [**....]
Gold:   153        SH:  0    Dex: 12    Spells: 6/6 levels left

rFire   . . .        a - +0 war axe
rCold   . . .        d - orb {light}
rNeg    + + .        g - +0 chain mail
rPois   ∞            (no helmet)
rElec   +            (no cloak)
rCorr   .            (no gloves)
SInv    .            (no boots)
Will    .....        (no amulet) Stlth
                     (no ring)
HPRegen 0.27/turn    (no ring)
MPRegen 0.10/turn

%: no passive effects
@: glowing
A: sickness immunity, AC +4, negative energy resistance 1, electricity
resistance, torment resistance 1, petrification resistance
a: Renounce Religion, Divine Shield


You were on level 6 of the Dungeon.
You worshipped the Shining One.
The Shining One was pleased with you.
You visited 2 branches of the dungeon, and saw 8 of its levels.
You also visited: Sewer.

You collected 153 gold pieces.

Inventory:

Hand Weapons
 a - a +0 war axe (weapon)
 w - a +2 dagger of venom
Missiles
 h - 22 stones (quivered)
 o - 20 poisoned darts
 x - 3 boomerangs
 C - a throwing net
Armour
 b - a +0 robe
 d - an orb of light (worn)
 f - a +2 robe of willpower
 g - a +0 chain mail (worn)
Wands
 z - a wand of light (11)
Scrolls
 i - a scroll of amnesia {unknown}
 l - 2 scrolls of silence {unknown}
 n - a scroll of noise {unknown}
 u - a scroll of identify {unknown}
 v - a scroll of immolation {unknown}
 y - a scroll of poison {unknown}
 A - a scroll of vulnerability {unknown}
 B - a scroll of enchant weapon {unknown}
 D - a scroll of blinking {unknown}
Potions
 c - a potion of ambrosia
 e - 3 potions of magic {unknown}
 j - a potion of heal wounds {unknown}
 k - a potion of resistance {unknown}
 m - a potion of attraction {unknown}
 p - 2 potions of cancellation {unknown}
 q - a potion of might {unknown}
 r - 3 potions of mutation {unknown}
 s - a potion of brilliance {unknown}
 t - a potion of curing {unknown}


   Skills:
 + Level 5.6 Fighting
 * Level 6.0 Axes
 + Level 4.3 Armour
 - Level 3.0 Dodging


You had 6 spell levels left.
You didn't know any spells.
Your spell library contained the following spells:

 Spells                   Type           Power      Damage    Failure   Level
 Dispel Undead            Necr           0%         3d6       100%        4
 Martyr's Knell           Necr/Summ      0%         N/A       100%        4
 Death Channel            Necr           0%         N/A       100%        6
 Cigotuvi's Dreadful Rot  Necr/Alch/Air  Unusable   N/A       N/A         2

Dungeon Overview and Level Annotations

Branches:
Dungeon (7/15) Zot: 26229  Temple (1/1) D:5 Zot: 5957   Sewer (visited)

Altars:
Ashenzari
Dithmenos
Elyvilon
Fedhas
Gozag
Kikubaaqudgha
Makhleb
Okawaru
Ru
Sif Muna
Trog
Uskayaw
Vehumet
Wu Jian
Xom
Yredelemnul
Zin
The Shining One

Annotations:
D:5 3 runed translucent doors, jagoly's ghost, amateur GrMo
D:6 2 transporters, anarkitty's ghost, novice TeCj


Innate Abilities, Weirdness & Mutations

You are immune to sickness and miasma.
Your stone body is resilient. (AC +4)
You are immune to poison.
You resist negative energy. (rN+)
You are resistant to electric shocks. (rElec)
You are resistant to unholy torment.
You are immune to petrification.


Message History

The orc hits you with a +0 mace.
You hit the orc.
You kill the orc!
You slash the orc!
You kill the orc!
You hit the orc but do no damage. The orc completely misses you.
The orc shouts!
You hit the orc.
The orc is lightly wounded.
The orc hits you but does no damage.
You slash the orc!
You kill the orc!
You hit the orc.
The orc is moderately wounded.
The orc completely misses you.
You hit the orc but do no damage.
The orc is moderately wounded.
The orc hits you but does no damage.
You slash the orc!
You kill the orc!
You hit the orc.
The orc is severely wounded.
The orc hits you but does no damage.
You hit the orc.
The orc is almost dead.
The orc barely misses you.
You slash the orc!
You kill the orc!
No target in view!
No target in view!
Items here: ( ))))) [ ††.
w - a +2 dagger of venom;
x - 3 boomerangs You see here a +0 war axe.
You are now empty-handed.
You drop a +0 hand axe.
a - a +0 war axe (weapon)
Found a scroll labelled VEIGHU SIMONO and 19 gold pieces.
Found a staircase to the Ecumenical Temple.
y - a scroll labelled VEIGHU SIMONO
Found a flux talisman.
You now have 121 gold pieces (gained 19).
There is a staircase to the Ecumenical Temple here.
You climb downwards.
Welcome to the Ecumenical Temple!
Found a bloodstained altar of Trog and a burning altar of Makhleb.
Found a staircase back to the Dungeon.
There is a staircase back to the Dungeon here.
Search for what [Enter for "."]? .
Found a radiant altar of Vehumet.
Found a glowing golden altar of the Shining One.
There is a glowing golden altar of the Shining One here.
You kneel at the altar of the Shining One.
The Shining One welcomes you!
You and your allies can now gain power from killing the unholy and evil.
You can now call upon the Shining One for a divine shield.
Found a broken altar of Ashenzari.
There is a staircase back to the Dungeon here.
You climb upwards.
Welcome back to the Dungeon!
There is a staircase to the Ecumenical Temple here.
There is a stone staircase leading up here.
You climb upwards.
Found 3 stones.
There is a stone staircase leading down here.
h - 22 stones (gained 3)
A hobgoblin comes into view.
The hobgoblin shouts!
A hobgoblin is nearby!
You hit the hobgoblin.
The hobgoblin is moderately wounded.
The hobgoblin hits you.
The hobgoblin hits you but does no damage.
You slash the hobgoblin!
You kill the hobgoblin!
HP restored.
An endoplasm and a scorpion come into view.
The endoplasm quivers.
There is an open door here.
There is an open door here.
The scorpion attacks as it pursues you!
The scorpion stings you but does no damage.
You completely miss the scorpion.
The scorpion stings you but does no damage.
You hit the scorpion.
The scorpion is moderately wounded.
The scorpion barely misses you.
The scorpion stings you but does no damage.
You barely miss the scorpion.
The scorpion is moderately wounded.
The scorpion stings you but does no damage.
You barely miss the scorpion.
The scorpion is moderately wounded.
The scorpion stings you but does no damage.
The scorpion closely misses you.
You hit the scorpion.
The scorpion is heavily wounded.
The scorpion closely misses you.
You hit the scorpion.
The scorpion is severely wounded.
The scorpion stings you but does no damage. x2
You hit the scorpion but do no damage.
The scorpion is severely wounded.
The scorpion stings you but does no damage.
You hit the scorpion.
The scorpion is almost dead.
The scorpion stings you but does no damage. x2
You hit the scorpion but do no damage.
The scorpion is almost dead.
The scorpion stings you.
You hit the scorpion but do no damage.
The scorpion is almost dead.
The scorpion stings you but does no damage.
The scorpion stings you.
You hit the scorpion.
You kill the scorpion!
Your Axes skill increases to level 5!
You slash the endoplasm!
You kill the endoplasm!
No target in view!
No target in view!
There is an open door here.
HP restored.
As you open the door, it creaks loudly!
A dart slug comes into view.
You hear an angry hiss.
The dart slug launches a dart at you. The slug dart hits you.
A dart slug is nearby!
An adder comes into view.
There is an open door here.
You barely miss the adder.
The adder bites you but does no damage. x2
You hit the adder.
The adder is heavily wounded.
The adder barely misses you.
You slash the adder!
You kill the adder!
The dart slug launches a dart at you. The slug dart misses you.
You slash the dart slug!
You kill the dart slug!
A dart slug comes into view.
The dart slug launches a dart at you.
The slug dart hits you but does no damage.
A dart slug is nearby!
A dart slug is nearby!
The dart slug launches a dart at you.
The slug dart hits you but does no damage.
You hit the dart slug.
The dart slug is moderately wounded.
The dart slug closely misses you.
You slash the dart slug!
You kill the dart slug!
You see here a dart slug corpse.
Found 5 gold pieces.
You now have 126 gold pieces (gained 5).
A bombardier beetle comes into view.
A bombardier beetle is nearby!
You hit the bombardier beetle.
The bombardier beetle is lightly wounded.
The bombardier beetle bites you but does no damage.
You hit the bombardier beetle.
The bombardier beetle is moderately wounded.
You hit the bombardier beetle.
The bombardier beetle is moderately wounded.
The bombardier beetle barely misses you.
You hit the bombardier beetle.
The bombardier beetle is severely wounded.
The bombardier beetle bites you but does no damage.
You completely miss the bombardier beetle.
The bombardier beetle is severely wounded.
The bombardier beetle bites you but does no damage.
You hit the bombardier beetle but do no damage.
The bombardier beetle is severely wounded.
The bombardier beetle bites you but does no damage.
You hit the bombardier beetle.
You kill the bombardier beetle!
You have reached level 7!
Found a sharpened brass wand.
z - a wand of light (12)
Found a scroll labelled CYUDEAMAKO.
A - a scroll labelled CYUDEAMAKO
Found a scroll labelled ZIW QEWOICUBAU.
B - a scroll labelled ZIW QEWOICUBAU You open the large door.
A gnoll comes into view. It is wielding a +0 flail.
The gnoll shouts!
You hear a shout!
A hound comes into view.
A gnoll comes into view. It is wielding a +0 flail.
A kobold comes into view. It is wielding a +0 short sword.
Found a short sword.
A gnoll comes into view. It is wielding a +0 whip.
The hound barks!
The gnoll shouts!
There is a large open door here.
You slash the gnoll!
The gnoll is severely wounded.
The gnoll closely misses you.
You slash the gnoll!
You kill the gnoll!
Your Fighting skill increases to level 5!
You barely miss the hound. The hound closely misses you.
The hound bites you but does no damage.
You slash the hound!
The hound is heavily wounded.
The hound bites you but does no damage. x2
You closely miss the hound.
The hound is heavily wounded.
The hound barely misses you. The hound bites you but does no damage.
You slash the hound!
The hound is almost dead.
The hound closely misses you. The hound bites you.
You closely miss the hound.
The hound is almost dead.
The hound bites you.
Menkaure, Prince of Dust comes into view.
The hound closely misses you.
You hit the hound but do no damage.
The hound is almost dead.
The hound bites you but does no damage. The hound bites you.
You hit the hound.
You kill the hound!
Menkaure grins.
You slash the gnoll!
You kill the gnoll!
The gnoll hits you but does no damage.
You hit the gnoll.
The gnoll is lightly wounded.
The gnoll misses you.
You barely miss the gnoll.
The gnoll is lightly wounded.
Menkaure murmurs in an indecipherable tongue.
The gnoll hits you but does no damage.
You slash the gnoll!
You kill the gnoll!
Menkaure wails, "Why can't you leave me to my rest?"
Menkaure calls on the powers of darkness!
Your body is wracked with pain!
You slash the kobold!
You kill the kobold!
Menkaure calls on the powers of darkness!
Your body is wracked with pain!
Aiming: Bolt of Light
Press: ? - help, Shift-Dir - straight line, f - Menkaure
Aim: Menkaure (haloed, 91% to hit)
The bolt of light hits Menkaure!
Menkaure is severely damaged.
You slash Menkaure!
You destroy Menkaure!
The Shining One accepts your kill.
Items here: )))) †.
Okay, then.
There is a large open door here.
Found 3 gold pieces.
Found 6 gold pieces.
Found a dagger.
You see here a +0 short sword.
A hobgoblin comes into view.
You see here 3 gold pieces.
You now have 129 gold pieces (gained 3).
You see here 6 gold pieces.
You now have 135 gold pieces (gained 6).
You slash the hobgoblin!
You kill the hobgoblin!
An orc comes into view. It is wielding a +0 club.
The orc shouts!
You hit the orc but do no damage. The orc completely misses you.
You slash the orc!
You kill the orc!
Things that are here:
a +0 club; an orc corpse HP restored.
You see here a +0 dagger.
You see here a +0 short sword.
There is a large open door here.
Items here: )))) †.
You open the door.
There is an open door here.
You open the door.
There is an open door here.
There is a stone staircase leading down here.
There is a stone staircase leading down here.
You climb downwards.
There is a stone staircase leading up here.
A sleepcap comes into view.
You slash the sleepcap!
The sleepcap is heavily damaged.
The sleepcap releases spores at you but does no damage.
You slash the sleepcap!
The sleepcap is severely damaged.
The sleepcap releases spores at you but does no damage.
You slash the sleepcap!
You destroy the sleepcap!
An iguana comes into view.
The iguana hisses angrily.
The iguana moves out of view.
Found a scroll labelled FUGOAFEI DUTI.
The iguana bites you but does no damage.
You barely miss the iguana.
The orc shouts!
The orc throws a throwing net.
The throwing net hits you.
You become entangled in the net!
The iguana bites you.
You tear a large gash into the net.
The iguana bites you!
You struggle against the net.
The iguana bites you but does no damage.
You rip the net and break free!
The iguana bites you but does no damage.
You completely miss the iguana.
The iguana bites you but does no damage. x2
You barely miss the iguana. The iguana barely misses you.
You slash the iguana!
The iguana is severely wounded.
You hit the orc but do no damage. The orc closely misses you.
The iguana bites you!
You hit the iguana.
The iguana is almost dead.
You hit the orc. The iguana barely misses you. The orc barely misses you.
You hit the iguana.
You kill the iguana!
You hit the orc. The orc hits you with a +0 mace.
The orc hits you but does no damage.
Your Armour skill increases to level 4!
You hit the orc but do no damage.
The orc is severely wounded.
The orc hits you but does no damage.
You slash the orc!
You kill the orc!
No target in view!
C - a throwing net
Things that are here:
a +0 mace; a +0 leather armour; an orc corpse An iguana comes into view.
You see here a scroll labelled FUGOAFEI DUTI.
D - a scroll labelled FUGOAFEI DUTI You hit the iguana but do no damage.
The iguana bites you but does no damage.
You hit the iguana.
The iguana is lightly wounded.
The iguana barely misses you.
The iguana bites you but does no damage.
You slash the iguana!
The iguana is heavily wounded.
The iguana bites you but does no damage.
You hit the iguana but do no damage.
The iguana is heavily wounded.
The iguana barely misses you.
You hit the iguana but do no damage.
The iguana is heavily wounded.
The iguana bites you.
You slash the iguana!
You kill the iguana!
An adder comes into view.
The adder hisses angrily.
You barely miss the adder. The adder barely misses you.
You hit the adder but do no damage. The adder bites you but does no damage.
The adder barely misses you.
You slash the adder!
You kill the adder!
No target in view!
No target in view!
Found a red potion.
Found 18 gold pieces.
p - 2 red potions (gained 1)
You now have 153 gold pieces (gained 18).
Found a stone.
Found a runed translucent gate.
Found a stone and 13 gold pieces.
Found 3 stones.
Found a stone and 3 large rocks.
Jagoly's ghost turns its malevolent gaze towards you.
Press: ? - help, v - describe, . - travel The floor.
A jelly comes into view.
The jelly quivers.
The jelly moves out of view.
A jelly comes into view.
The jelly quivers.
The jelly attacks as it pursues you! The jelly barely misses you.
The jelly attacks as it pursues you! The jelly hits you but does no damage.
You hit the jelly.
Your hands burn!
The jelly is moderately wounded.
The jelly hits you but does no damage.
You hit the jelly.
Your hands burn!
The jelly is heavily wounded.
The jelly hits you but does no damage.
You slash the jelly!
Your hands burn!
The jelly is severely wounded.
The jelly hits you but does no damage. x2
You slash the jelly!
You kill the jelly!
You slash the jelly!
Your hands burn!
The jelly is heavily wounded.
The jelly closely misses you.
You slash the jelly!
You kill the jelly!
No target in view!
Found a stone staircase leading down.
An adder comes into view.
A sleepcap comes into view.
Found a stone staircase leading up.
There is a stone staircase leading down here.
You slash the adder!
The adder is almost dead.
The adder bites you but does no damage. x2
You slash the adder!
You kill the adder!
You hit the sleepcap.
The sleepcap is moderately damaged.
The sleepcap releases spores at you but does no damage.
You hit the sleepcap.
The sleepcap is moderately damaged.
The sleepcap releases spores at you.
You hit the sleepcap but do no damage.
The sleepcap is moderately damaged.
The sleepcap releases spores at you but does no damage.
You hit the sleepcap.
The sleepcap is heavily damaged.
The sleepcap barely misses you. The sleepcap releases spores at you.
You hit the sleepcap but do no damage.
The sleepcap is heavily damaged.
The sleepcap releases spores at you.
* * * LOW HITPOINT WARNING * * *
You are too injured to fight recklessly!
You are too injured to fight recklessly!
Cleave: a) +0 war axe
Press: ? - help, Dir - move target, f - sleepcap
Aim: a sleepcap (heavily damaged, haloed, about 2% to evade your +0 war axe)
You hit the sleepcap.
The sleepcap is heavily damaged.
The sleepcap completely misses you.
Cleave: a) +0 war axe
Press: ? - help, Dir - move target, f/p - sleepcap
Aim: a sleepcap (heavily damaged, haloed, about 2% to evade your +0 war axe)
You hit the sleepcap but do no damage.
The sleepcap is heavily damaged.
The sleepcap releases spores at you.
* * * LOW HITPOINT WARNING * * *
Cleave: a) +0 war axe
Press: ? - help, Dir - move target, f/p - sleepcap
Aim: a sleepcap (heavily damaged, haloed, about 2% to evade your +0 war axe)
You completely miss the sleepcap.
The sleepcap is heavily damaged.
The sleepcap releases spores at you but does no damage.
Cleave: a) +0 war axe
Press: ? - help, Dir - move target, f/p - sleepcap
Aim: a sleepcap (heavily damaged, haloed, about 2% to evade your +0 war axe)
You hit the sleepcap but do no damage.
The sleepcap is heavily damaged.
The sleepcap releases spores at you but does no damage. x2
Cleave: a) +0 war axe
Press: ? - help, Dir - move target, f/p - sleepcap
Aim: a sleepcap (heavily damaged, haloed, about 2% to evade your +0 war axe)
You hit the sleepcap but do no damage.
The sleepcap is heavily damaged.
The sleepcap barely misses you.
Cleave: a) +0 war axe
Press: ? - help, Dir - move target, f/p - sleepcap
Aim: a sleepcap (heavily damaged, haloed, about 2% to evade your +0 war axe)
You hit the sleepcap but do no damage.
The sleepcap is heavily damaged.
The sleepcap releases spores at you.
* * * LOW HITPOINT WARNING * * *
Cleave: a) +0 war axe
Press: ? - help, Dir - move target, f/p - sleepcap
Aim: a sleepcap (heavily damaged, haloed, about 2% to evade your +0 war axe)
You hit the sleepcap.
The sleepcap is severely damaged.
The sleepcap releases spores at you.
* * * LOW HITPOINT WARNING * * *
Cleave: a) +0 war axe
Press: ? - help, Dir - move target, f/p - sleepcap
Aim: a sleepcap (severely damaged, haloed, about 2% to evade your +0 war axe)
You hit the sleepcap but do no damage.
The sleepcap is severely damaged.
The sleepcap barely misses you.
The sleepcap releases spores at you but does no damage.
Cleave: a) +0 war axe
Press: ? - help, Dir - move target, f/p - sleepcap
Aim: a sleepcap (severely damaged, haloed, about 2% to evade your +0 war axe)
You slash the sleepcap!
The sleepcap is almost destroyed.
The sleepcap releases spores at you but does no damage.
Cleave: a) +0 war axe
Press: ? - help, Dir - move target, f/p - sleepcap
Aim: a sleepcap (almost destroyed, haloed, about 2% to evade your +0 war axe)
You hit the sleepcap but do no damage.
The sleepcap is almost destroyed.
The sleepcap releases spores at you but does no damage.
Cleave: a) +0 war axe
Press: ? - help, Dir - move target, f/p - sleepcap
Aim: a sleepcap (almost destroyed, haloed, about 2% to evade your +0 war axe)
You hit the sleepcap but do no damage.
The sleepcap is almost destroyed.
The sleepcap barely misses you.
Cleave: a) +0 war axe
Press: ? - help, Dir - move target, f/p - sleepcap
Aim: a sleepcap (almost destroyed, haloed, about 2% to evade your +0 war axe)
You slash the sleepcap!
You destroy the sleepcap!
Your Axes skill increases to level 6!
You climb downwards.
Level annotation: 2 transporters, anarkitty's ghost, novice TeCj The ogre shouts!
The bullfrog gives a loud, deep croak!
The ogre hits you with a +0 giant club!!
You die...

### ..#
#.# #.#
... #F#
#.# #@#
.......O#
##.######


You could see an ogre and a bullfrog.

Vanquished Creatures
  Menkaure (D:4)
  A kobold brigand (Sewer)
  3 scorpions
  A bombardier beetle (D:4)
  2 jellies (D:5)
  2 hounds
  2 sleepcaps (D:5)
  3 iguanas
  3 gnolls (D:4)
  7 adders
  A shadow imp (D:6)
  3 dart slugs
  8 orcs
  8 ball pythons
  7 endoplasms
  2 giant cockroaches
  3 hobgoblins
  3 quokkas
  2 bats
  2 frilled lizards
  7 goblins
  10 kobolds
  6 rats
87 creatures vanquished.

Notes
Turn   | Place    | Note
-------+----------+-------------------------------------------
     0 | D:1      | jagoly the Gargoyle Monk began the quest for the Orb.
     0 | D:1      | Reached XP level 1. HP: 14/14 MP: 1/1
   141 | D:1      | Reached XP level 2. HP: 12/19 MP: 2/2
   188 | D:2      | Reached skill level 3 in Axes
   197 | D:2      | Reached skill level 1 in Armour
   197 | D:2      | Reached XP level 3. HP: 23/23 MP: 3/3
   405 | D:3      | Found a glowing drain.
   418 | D:3      | Reached XP level 4. HP: 21/29 MP: 4/4
   424 | Sewer    | Entered a sewer
   451 | Sewer    | Noticed a kobold brigand
   464 | Sewer    | Killed a kobold brigand
   465 | Sewer    | Reached XP level 5. HP: 17/33 MP: 5/5
   606 | Sewer    | Reached skill level 4 in Axes
   835 | D:5      | Entered Level 5 of the Dungeon
   878 | D:6      | Reached XP level 6. HP: 4/39 MP: 6/6
   961 | D:6      | Noticed anarkitty's ghost (novice TeCj)
   967 | D:6      | Found a transporter.
   968 | D:6      | Noticed a two-headed ogre
   969 | D:6      | Found a transporter.
  1057 | D:5      | Found an opulent altar of Gozag.
  1057 | D:5      | Found a blossoming altar of Fedhas.
  1059 | D:5      | Found an ornate altar of the Wu Jian Council.
  1063 | D:5      | Found a glowing silver altar of Zin.
  1167 | D:5      | Found a staircase to the Ecumenical Temple.
  1178 | Temple   | Entered the Ecumenical Temple
  1199 | Temple   | Became a worshipper of the Shining One
  1199 | Temple   | Reached * piety under the Shining One
  1199 | Temple   | Reached ** piety under the Shining One
  1271 | D:4      | Reached skill level 5 in Axes
  1371 | D:4      | Reached XP level 7. HP: 44/44 MP: 7/7
  1428 | D:4      | Reached skill level 5 in Fighting
  1432 | D:4      | Noticed Menkaure
  1441 | D:4      | Killed Menkaure
  1687 | D:5      | Found a runed translucent gate.
  1688 | D:5      | Found a runed translucent gate.
  1689 | D:5      | Found a runed translucent gate.
  1690 | D:5      | Noticed jagoly's ghost (amateur GrMo)
  1736 | D:5      | Reached skill level 6 in Axes
  1737 | D:6      | Mangled by an ogre

Illustrated notes

Levels and vault maps discovered:
D:1:      onia_arrival_mini_spirals, layout_rooms, minmay_misc_feat_rugged
D:2:      layout_basic, serial_co_window_serial, co_window_paths_b,
          co_window_corner_a, co_window_corner_a, co_window_paths_a,
          co_window_of_opportunity_a, co_window_of_opportunity_c,
          co_window_broadway_b, co_window_corner_ca, co_window_sun,
          glass_columns_b, glass_columns_c, glass_columns_a, glass_columns_a,
          glass_columns_b
D:3:      layout_basic, gup_sewer_entry_bubbles, minmay_fountain_box,
          uniq_grinder
D:4:      layout_loops_corners, kennysheep_dice, uniq_pikel, uniq_menkaure,
          uniq_eustachio
D:5:      layout_rooms, amcnicky_altar_gilded, grunt_temple_overflow_open,
          minmay_temple_entry_wispy, ebering_ghost_rock_garden, minivault_27,
          minmay_misc_feat_chi
D:6:      layout_loops_corners, gammafunk_ghost_smash
D:7:      layout_loops_corners, gammafunk_temple_overflow_pools
Temple:   dpeg_chambers_temple

Skill      XL: |  1  2  3  4  5  6  7 |
---------------+----------------------+-----
Axes           | 3 4 5 6 |  6.0
Armour         | 1 2 3 4 |  4.3
Fighting       | 4 5 |  5.6
Dodging        | 3 |  3.0

Action                     |  1- 3 |  4- 6 |  7- 9 || total
---------------------------+-------+-------+-------++-------
  Melee: Hand axe          |    58 |   125 |       ||   183
         War axe           |       |    27 |    63 ||    90
  Evoke: Wand              |       |       |     1 ||     1
 Armour: Robe              |    35 |     2 |       ||    37
         Chain mail        |       |   137 |    50 ||   187
  Dodge: Dodged            |    42 |    63 |    22 ||   127
